 Dungeon Crawl Stone Soup version 0.26-a0-966-gd078a86f14 (webtiles) character file.

Game seed: 15928294807418831724

122 marklar909 the Sneak (level 4, -3/44 HPs)
             Began as a Troll Delver on Dec 4, 2020.
             Slain by an ogre
             ... wielding a +0 giant club
              (17 damage)
             ... on level 4 of the Dungeon.
             The game lasted 00:00:26 (156 turns).

marklar909 the Sneak (Troll Delver)                  Turns: 156, Time: 00:00:27

Health: -3/44      AC:  6    Str: 20    XL:     4   Next: 78%
Magic:  3/3        EV: 10    Int:  6    God:
Gold:   12         SH:  0    Dex: 12    Spells: 3/3 levels left

rFire    . . .     SeeInvis .     - Unarmed
rCold    . . .     Faith    .   (no shield)
rNeg     . . .     Spirit   .   a - +0 robe
rPois    .         Reflect  .   (helmet restricted)
rElec    .         Harm     .   (no cloak)
rCorr    .         Rampage  .   (gloves unavailable)
MR       .....                  (boots unavailable)
Stlth    ++........             (no amulet)
HPRegen  0.54/turn              (no ring)
MPRegen  0.08/turn              (no ring)

@: hasted, very quick
A: large, unfitting armour, claws 3, regeneration 1, shaggy fur 1, tough skin 3
a: no special abilities


You were on level 4 of the Dungeon.
You visited 1 branch of the dungeon, and saw 2 of its levels.

You collected 12 gold pieces.

Inventory:

Armour
 a - a +0 robe (worn)
Wands
 f - a wand of digging (3)
Scrolls
 b - a scroll of fog
 c - a scroll of magic mapping
 d - a scroll of fear
 g - a scroll of enchant armour {unknown}
Potions
 h - a potion of degeneration {unknown}


   Skills:
 + Level 2.9 Fighting
 + Level 1.7 Dodging
 + Level 3.7 Stealth
 + Level 2.4 Unarmed Combat


You had 3 spell levels left.
You didn't know any spells.
Your spell library was empty.

Dungeon Overview and Level Annotations

Branches:
Dungeon (5/15)
 Temple: D:4-7

Altars:


Innate Abilities, Weirdness & Mutations

You are too large for most types of armour.
You have claws for hands.
Your natural rate of healing is unusually fast.
You are covered in fur. (AC +1)
You have extremely tough skin. (AC +3)


Message History

You scratch the ogre.
The ogre is heavily wounded.
You scratch the ogre.
The ogre is severely wounded.
The ogre closely misses you.
You scratch the ogre.
The ogre is severely wounded.
The ogre hits you with a +0 giant club!
* * * LOW HITPOINT WARNING * * *
You are too injured to fight recklessly!
You barely miss the ogre.
The ogre is severely wounded.
The ogre barely misses you.
You are too injured to fight recklessly!
You are too injured to fight recklessly!
Evoke which item? (* to show all) (? for menu, Esc to quit)
Okay, then.
Okay, then.
You feel yourself speed up. The ogre hits you with a +0 giant club!
You die...

###############
#.@O..........#
#####.#####........
#.......# #.#####.#
#.#####.# #.# #.#
... #.. ...
#....... #.#...!.
..#...


You could see an ogre.

Vanquished Creatures
  A centaur (D:5)
  An orc wizard (D:5)
  An adder (D:5)
  2 orcs (D:5)
5 creatures vanquished.

Notes
Turn   | Place    | Note
-------+----------+-------------------------------------------
     0 | D:5      | marklar909 the Troll Delver began the quest for the Orb.
     0 | D:5      | Reached XP level 1. HP: 22/22 MP: 0/0
    26 | D:5      | Reached skill level 3 in Stealth
    26 | D:5      | Reached XP level 2. HP: 23/29 MP: 1/1
    76 | D:5      | Noticed a centaur
    83 | D:5      | Killed a centaur
    84 | D:5      | Reached XP level 3. HP: 25/36 MP: 2/2
    84 | D:5      | Reached XP level 4. HP: 30/44 MP: 3/3
   138 | D:4      | Noticed an ogre
   156 | D:4      | Slain by an ogre

Illustrated notes

Levels and vault maps discovered:
D:4:      layout_loops_ring
D:5:      layout_loops_corners, minitemple, portal_sewer_entry_b,
          nicolae_ossuary_entry_catacombs

Skill      XL: |  1 |
---------------+----+-----
Stealth        | 3 |  3.7
Fighting       | |  2.9
Dodging        | |  1.7
Unarmed Combat | |  2.4

Action                   |  1- 3 |  4- 6 || total
-------------------------+-------+-------++-------
Melee: Unarmed           |     8 |    25 ||    33
       Punch             |       |     1 ||     1
  Use: Potion            |       |     1 ||     1
 Stab: Sleeping          |     1 |       ||     1
Armor: Robe              |     1 |     6 ||     7
Dodge: Dodged            |     4 |     7 ||    11

Table legend: (Time is in decaauts)
 A = Elapsed time spent in this place.
 B = Non-inter-level travel time spent in this place.
 C = Inter-level travel time spent in this place.
 D = Time resting spent in this place.
 E = Time spent auto-exploring this place.
 F = Levels seen in this place.
 G = Mean time per level.
                   A        B        C        D        E       F      G
               +--------+--------+--------+--------+--------+-----+--------+
         Total |    154 |    147 |      7 |     25 |     62 |   2 |   77.0 |
       Dungeon |    154 |    147 |      7 |     25 |     62 |   2 |   77.0 |
               +--------+--------+--------+--------+--------+-----+--------+

Top non-repeatable levels by time:
     D:5: 130 daAuts
     D:4: 24 daAuts
